 Dungeon Crawl Stone Soup version 0.23-a0-539-g3f6f39f (webtiles) character file.

68 Lanoc the Skirmisher (level 4, 0/40 HPs)
             Began as a Ghoul Monk on Dec 7, 2018.
             Slain by a hobgoblin (4 damage)
             ... led by Robin
             ... on level 2 of the Dungeon.
             The game lasted 00:02:59 (1219 turns).

Lanoc the Skirmisher (Ghoul Monk)                   Turns: 1219, Time: 00:03:00

Health: 0/40       AC:  2    Str: 15    XL:     4   Next: 19%
Magic:  3/3        EV: 13    Int:  5    God:
Gold:   80         SH:  0    Dex: 11    Spells: 3/3 levels left

rFire    . . .     SeeInvis .     - Unarmed
rCold    + . .     Gourm    .   (no shield)
rNeg     + + +     Faith    .   a - +0 robe
rPois    ∞         Spirit   .   (no helmet)
rElec    .         Reflect  .   (no cloak)
rCorr    .         Harm     .   (no gloves)
MR       .....                  (no boots)
Stlth    ++........             (no amulet)
HPRegen  0.00/turn              (no ring)
MPRegen  0.08/turn              (no ring)

@: rotting
A: rotting body, claws 1, carnivore, cold resistance 1, negative energy
resistance 3, inhibited regeneration, torment resistance, unbreathing
a: no special abilities


You were on level 2 of the Dungeon.
You were not hungry.

You visited 1 branch of the dungeon, and saw 2 of its levels.

You collected 80 gold pieces.

Inventory:

Armour
 a - a +0 robe (worn)
Scrolls
 d - 4 scrolls of amnesia {unknown}
 e - 2 scrolls of enchant armour {unknown}
Potions
 f - 2 potions of berserk rage {unknown}
 g - 2 potions of heal wounds {unknown}
Comestibles
 b - 5 rations


   Skills:
 + Level 4.1 Fighting
 + Level 3.3 Dodging
 - Level 2.1 Stealth
 + Level 4.1 Unarmed Combat


You had 3 spell levels left.
You didn't know any spells.
Your spell library was empty.

Dungeon Overview and Level Annotations

Branches:
Dungeon (2/15)

Altars:


Innate Abilities, Weirdness & Mutations

Your body is rotting away.
You thrive on raw meat.
You are immune to poison.
You have sharp fingernails.
You are carnivorous and can eat meat at any time.
Your flesh is cold resistant. (rC+)
You are immune to negative energy. (rN+++)
You do not regenerate when monsters are visible.
You are immune to unholy pain and torment.
You can survive without breathing.


Message History

You eat one of the 2 chunks of flesh.
This raw flesh tastes great!
The hobgoblin hits you but does no damage.
The goblin shoots a stone.
The stone closely misses you. The goblin misses you. Robin closely misses you.
Eat a chunk of flesh? (ye/n/q)
You eat the chunk of flesh.
This raw flesh tastes great!
The hobgoblin barely misses you.
The goblin shoots a stone.
The stone closely misses you. The goblin misses you. Robin barely misses you.
You scratch Robin.
You kill Robin!
The hobgoblin hits you but does no damage.
The goblin shoots a stone.
The stone hits you.
* * * LOW HITPOINT WARNING * * *
The goblin misses you.
You barely miss the goblin. Your claw misses the goblin.
The hobgoblin hits you.
* * * LOW HITPOINT WARNING * * *
You barely miss the goblin. The goblin barely misses you.
The hobgoblin hits you.
You die...

#.#.# #..........#
#.#.####..#.######
#.#.......#.#
#...(###.##.#
####.# #.##)# #.#
#.##.#### #.#
#.##...(# ## #.#
#.#####.#...# #.#
#....g@))...# #.#
######gg....# ..#
......## .#...###
#.##.## # #.# #.#
.#


You could see a hobgoblin and 2 goblins.

Vanquished Creatures
  Robin (D:2)
  An adder (D:2)
  A dart slug (D:1)
  3 leopard geckos
  4 bats
  A giant cockroach (D:1)
  6 goblins
  9 hobgoblins
  4 jackals (D:1)
  A ball python (D:1)
  2 frilled lizards (D:1)
  6 kobolds
  2 rats
41 creatures vanquished.

Notes
Turn   | Place    | Note
-------+----------+-------------------------------------------
     0 | D:1      | Lanoc the Ghoul Monk began the quest for the Orb.
     0 | D:1      | Reached XP level 1. HP: 19/19 MP: 0/0
   240 | D:1      | Reached XP level 2. HP: 16/26 MP: 1/1
   434 | D:1      | Reached XP level 3. HP: 22/33 MP: 2/2
  1201 | D:2      | Noticed Robin
  1206 | D:2      | Reached XP level 4. HP: 28/40 MP: 3/3
  1217 | D:2      | Killed Robin
  1219 | D:2      | Slain by a hobgoblin

Vault maps used:
D:1:      dpeg_arrival_snail
D:2:      first_ration, minmay_tetromino_o4, uniq_robin,
          uniq_crazy_yiuf_cottage, uniq_terence

Skill      XL: |  1  2  3 |
---------------+----------+-----
Dodging        | 3 |  3.3
Fighting       | 4 |  4.1
Unarmed Combat | 4 |  4.1
Stealth        | |  2.1

Action                   |  1- 3 |  4- 6 || total
-------------------------+-------+-------++-------
Melee: Unarmed           |    99 |    10 ||   109
       Punch             |     2 |       ||     2
 Stab: Sleeping          |     6 |       ||     6
  Eat: Chunk             |    12 |     2 ||    14
Armor: Robe              |    16 |     3 ||    19
Dodge: Dodged            |    59 |    17 ||    76

Table legend:
 A = Non-vault XP
 B = Vault XP
 C = Vault XP percentage of total XP
 D = Non-vault monster count
 E = Vault monster count
 F = Vault count percentage of total count
                 A         B        C        D         E       F
            +---------+---------+-------+---------+---------+-------
      Total |      78 |      20 |  20.4 |      37 |       4 |   9.8
            +---------+---------+-------+---------+---------+-------
        D:1 |      47 |       0 |   0.0 |      27 |       0 |   0.0
        D:2 |      31 |      20 |  39.2 |      10 |       4 |  28.6
            +---------+---------+-------+---------+---------+-------
